 Dungeon Crawl Stone Soup version 0.14-a0-305-g056651f (webtiles) character file.

353 Whadda the Skirmisher (level 5, -4/47 HPs)
             Began as a Minotaur Berserker on Oct 19, 2013.
             Was a Priest of Trog.
             Succumbed to a kobold's poison
             ... on Level 3 of the Dungeon.
             The game lasted 00:17:34 (2140 turns).

Whadda the Skirmisher (Minotaur Berserker)          Turns: 2140, Time: 00:17:35

HP  -4/47        AC 10     Str 23      XL: 5   Next: 70%
MP   1/1         EV  7     Int  4      God: Trog [***...]
Gold 126         SH  0     Dex  9      Spells:  0 memorised,  4 levels left

Res.Fire  : . . .   See Invis. : .   l - +0 scythe
Res.Cold  : . . .   Warding    : .   p - +1 orc chain mail
Life Prot.: . . .   Conserve   : .   (no shield)
Res.Poison: .       Res.Corr.  : .   (helmet restricted)
Res.Elec. : .       Clarity    : .   (no cloak)
Sust.Abil.: . .     Spirit.Shd : .   (no gloves)
Res.Mut.  : .       Stasis     : .   (no boots)
Res.Rott. : .       Flight     : .   (no amulet)
Saprovore : . . .                    (no ring)
                                     (no ring)

@: extremely poisoned, slightly resistant to hostile enchantments, extremely
unstealthy
A: retaliatory headbutt, horns 2
a: Burn Spellbooks, Berserk, Trog's Hand, Renounce Religion


You were on level 3 of the Dungeon.
You worshipped Trog.
Trog was most pleased with you.
You were not hungry.

You visited 1 branch of the dungeon, and saw 3 of its levels.

You collected 106 gold pieces.

Inventory:

Hand weapons
 l - a +0,+0 scythe (weapon)
Armour
 p - a +1 orcish chain mail (worn)
Magical devices
 e - a wand of polymorph (11) {unknown}
Comestibles
 f - 4 bread rations
Scrolls
 a - 2 scrolls of enchant armour {unknown}
 b - a scroll of enchant weapon I {unknown}
 g - a scroll of fog {unknown}
 i - a scroll of noise {unknown}
 j - 2 scrolls of remove curse {unknown}
 k - 2 scrolls of teleportation {unknown}
 o - a scroll of identify {unknown}
Jewellery
 c - an uncursed ring of wizardry {unknown}
Potions
 d - a potion of brilliance {unknown}
 h - 2 potions of curing {unknown}
 m - a potion of might {unknown}
 n - a potion of degeneration {unknown}


   Skills:
 * Level 5.2 Fighting
   Level 4.8 Axes
 * Level 2.1 Polearms
 * Level 4.1 Armour
 + Level 3.2 Dodging


You had 4 spell levels left.
You didn't know any spells.

Dungeon Overview and Level Annotations

Branches:
Dungeon (3/27)

Altars:
Nemelex Xobeh


Innate Abilities, Weirdness & Mutations

You reflexively headbutt those who attack you in melee.
You have a pair of horns on your head.


Message History

* * * LOW HITPOINT WARNING * * *
You feel extremely sick.
The kobold unwields an uncursed blowgun.
The kobold wields an uncursed orcish club.
The kobold hits you but does no damage.
Your chain mail prevents you from hitting the kobold.
* * * LOW HITPOINT WARNING * * *
You feel sick. The kobold hits you but does no damage.
Your chain mail prevents you from hitting the kobold.
* * * LOW HITPOINT WARNING * * *
You feel sick.
The kobold hits you with an uncursed orcish club.
* * * LOW HITPOINT WARNING * * *
The kobold hits you but does no damage.
You slash the kobold!
You kill the kobold!
Trog accepts your kill.
* * * LOW HITPOINT WARNING * * *
You feel sick.
You die...

#........ ###
##....... #..
#....... . ...
#>####.. #. #.#
#. ....# #. #.#
###.. #. #.# ##.
#. #(# ...
#.##@## ###.
#.#.(.## #.
##...#..#### #.
#...###......# #.
#....#..###### #.
#.....#.(K## #.
#.##.###(########
######. # #.
#........#
#...... #%
########.#
#.#####


There were no monsters in sight!

Vanquished Creatures
  Sigmund (D:2)
  A centaur skeleton (D:3)
  4 gnolls (D:2)
  2 adders
  An inept feature mimic (D:3)
  A worm (D:2)
  2 giant geckos (D:2)
  An ooze (D:3)
  2 orcs (D:3)
  3 ball pythons (D:2)
  7 bats
  12 goblins
  A hobgoblin (D:3)
  2 quokkas (D:2)
  3 giant cockroaches
  2 giant newts (D:2)
  5 jackals
  6 kobolds
  4 rats
60 creatures vanquished.

Notes
Turn   | Place    | Note
--------------------------------------------------------------
     0 | D:1      | Whadda, the Minotaur Berserker, began the quest for the Orb.
     0 | D:1      | Reached XP level 1. HP: 19/19 MP: 0/0
   161 | D:1      | Reached XP level 2. HP: 26/26 MP: 0/0
   209 | D:1      | Reached skill level 4 in Axes
   665 | D:2      | Acquired Trog's second power
  1058 | D:2      | Reached XP level 3. HP: 25/33 MP: 1/1
  1134 | D:2      | Noticed Sigmund
  1146 | D:2      | Killed Sigmund
  1146 | D:2      | Reached XP level 4. HP: 40/40 MP: 1/1
  1216 | D:2      | Found a sparkling altar of Nemelex Xobeh.
  1496 | D:2      | Reached skill level 5 in Fighting
  1507 | D:2      | Reached skill level 1 in Polearms
  1507 | D:2      | Reached XP level 5. HP: 47/47 MP: 1/1
  2139 | D:3      | HP: 2/47 [poisoned by a kobold]
  2140 | D:3      | Succumbed to a kobold's poison

Action                   |  1- 3 |  4- 6 || total
-------------------------+-------+-------++-------
Melee: Hand axe          |    67 |     1 ||    68
       Scythe            |       |    62 ||    62
Invok: Berserk           |     1 |     1 ||     2
  Use: Scroll            |     1 |       ||     1
       Potion            |     1 |       ||     1
